[Event "*** MasterClass Titled Tuesday Blitz"]
[Site "Chess.com"]
[Date "2017.11.07"]
[Round "3"]
[White "chessdude"]
[Black "michaelq2d5"]
[Result "1/2-1/2"]
[WhiteElo "2488"]
[BlackElo "2631"]
[TimeControl "180+2"]
[EndTime "14:42:19 PST"]
[Termination "Game drawn by repetition"]

1. e4 e5 2. Nf3 Nc6 3. Bc4 Bc5 4. O-O Nf6 5. d3 d6 6. c3 a6 7. a4 O-O 8. h3 h6 9. Re1 Ba7 10. Nbd2 Re8 11. b4 Be6 12. Bxe6 Rxe6 13. Qc2 d5 14. Nf1 dxe4 15. dxe4 a5 16. b5 Ne7 17.
Be3 Bxe3 18. Nxe3 Ng6 19. Rad1 Qe7 20. Nd5 Qc5 21. Nxf6+ Rxf6 22. Rd5 Qe7 23. Qd1 Rc8 24. g3 Qa3 25. Re3 Rd6 26. Kg2 Ne7 27. Rxd6 cxd6 28. c4 Qb4 29. Nd2 f5 30. exf5 Nxf5 31. Rd3 Nd4 32.
Qg4 Rf8 33. Qd7 Rf7 34. Qe8+ Rf8 35. Qd7 Rf7 36. Qe8+ Rf8 37. Qd7 1/2-1/2

[Event "*** MasterClass Titled Tuesday Blitz"]
[Site "Chess.com"]
[Date "2017.11.07"]
[Round "3"]
[White "Vrolijk"]
[Black "grzechu96"]
[Result "1-0"]
[WhiteElo "2487"]
[BlackElo "2440"]
[TimeControl "180+2"]
[EndTime "14:42:31 PST"]
[Termination "Vrolijk won by checkmate"]

1. d4 d5 2. c4 c6 3. Nf3 Nf6 4.
Nc3 dxc4 5. a4 Bf5 6. Ne5 Nbd7 7.
Nxc4 Nb6 8. Ne5 a5 9. Bg5 g6 10.
Qb3 Be6 11. Qd1 Bg7 12. e3 O-O 13. Be2 Nfd5 14. Nd3 Nd7 15. O-O Rc8 16. Bh4 c5 17.
Nxd5 Bxd5 18. Nf4 Nf6 19. Bxf6 Bxf6 20. Nxd5 Qxd5 21. Bf3 Qd7 22. Bg4 e6 23. d5 Rcd8 24. dxe6 Qxd1 25. exf7+ Kxf7 26. Rfxd1 Bxb2 27. Rab1 Rxd1+ 28. Bxd1 Ba3 29. Rxb7+ Kf6 30. Bb3 Rd8 31. f4 Rd3 32. Rf7# 1-0

[Event "*** MasterClass Titled Tuesday Blitz"]
[Site "Chess.com"]
[Date "2017.11.07"]
[Round "3"]
[White "ChristopherYoo"]
[Black "chidori_boruto"]
[Result "0-1"]
[WhiteElo "2261"]
[BlackElo "2533"]
[TimeControl "180+2"]
[EndTime "14:42:41 PST"]
[Termination "chidori_boruto won by resignation"]

1. e4 c6 2. d4 d5 3. Nc3 dxe4 4. Nxe4 Bf5 5. Ng3 Bg6 6. h4 h6 7. h5 Bh7 8. Nf3 Nd7 9. Bd3 Bxd3 10. Qxd3 e6 11.
Bd2 Ngf6 12. O-O-O Be7 13. Kb1 O-O 14. Ne4 Nxe4 15.
Qxe4 Nf6 16. Qe2 Qd5 17. Ne5 Qe4 18. Be3 Nd5 19. Rhg1 c5 20. Nd7 Rfc8 21. Nxc5 Bxc5 22. dxc5 Nxe3 23. fxe3 Rxc5 24. Rd4 Qe5 25. g4 Rac8 26.
Rgd1 Rxc2 27. Rd8+ Kh7 28. Qd3+ f5 29. Rd4 Rg2 30.
gxf5 Qxf5 31. e4 Qxh5 32. Rd7 Qe5 33. Rxb7 Rcc2 34. Qb3 Qxe4 35. Ka1 Rxb2 36. Qxb2 Rxb2 37. Rxb2 h5 38. Rbd2 h4 39. Rd4 Qe5 40. Kb1 g5 41. Rd7+ Kg6 42. R7d4 h3 43. R4d3 h2 44. R3d2 Qe4+ 0-1

[Event "*** MasterClass Titled Tuesday Blitz"]
[Site "Chess.com"]
[Date "2017.11.07"]
[Round "3"]
[White "Hasangatin_Ramil"]
[Black "gmcorrales"]
[Result "1/2-1/2"]
[WhiteElo "2444"]
[BlackElo "2674"]
[TimeControl "180+2"]
[EndTime "14:42:47 PST"]
[Termination "Game drawn by repetition"]

1. e4 c5 2. Nf3 d6 3. d4 cxd4 4. Qxd4 a6 5. Be3 e5 6. Qb6 Qxb6 7. Bxb6 Nd7 8. Be3 b5 9. Nc3 Ngf6 10. Bd3 Bb7 11.
a3 Be7 12. O-O O-O 13. Rfe1 Rfc8 14. Bg5 h6 15. Bh4 Rc7 16. Rad1 Rac8 17. Nd2 g5 18. Bg3 Nc5 19. Nb3 Nxb3 20. cxb3 Rxc3 21. bxc3 Rxc3 22. a4 Rxb3 23. axb5 axb5 24. f3 Nh5 25. Bf2 Bc6 26.
Bf1 Nf4 27. Rc1 Be8 28. Rb1 Ra3 29. Bxb5 Bxb5 30. Rxb5 Ra2 31. Reb1 h5 32. R5b2 Ra3 33. Bg3 Ne6 34. Bf2 h4 35. Rb3 Ra2 36. R3b2 Ra3 37. Rb3 Ra2 38. Rb7 Bf8 39. R7b2 Ra3 40. Rb3 Ra2 41.
R3b2 Ra3 42. Rb3 Ra2 43. R3b2 Ra6 44. Rb6 Ra5 45. R6b5 Ra4 46. R5b4 Ra2 47. R4b2 1/2-1/2

[Event "*** MasterClass Titled Tuesday Blitz"]
[Site "Chess.com"]
[Date "2017.11.07"]
[Round "3"]
[White "zane33"]
[Black "Noukii"]
[Result "0-1"]
[WhiteElo "1911"]
[BlackElo "2609"]
[TimeControl "180+2"]
[EndTime "14:42:48 PST"]
[Termination "Noukii won by checkmate"]

1. e4 Nf6 2. e5 Nd5 3. Nc3 Nxc3 4. bxc3 d5 5. d4 c5 6. Nf3 Nc6 7. Be3 Bg4 8. Be2 e6 9. Qd2 Qa5 10. O-O Bxf3 11. Bxf3 cxd4 12. Bxd4 Nxd4 13. Qxd4 Rc8 14. Rab1 b6 15. Be2 Bc5 16. Qg4 O-O 17. c4 dxc4 18. Bxc4 Qc3 19. Bd3 Qxe5 20. Rbe1 Qf6 21. Re4 g6 22. Rf4 Qg7 23. Qe2 Rfd8 24. Ra4 a5 25. Re4 Bd4 26. a4 Kh8 27. Rd1 e5 28. Rg4 Qf6 29.
Rg3 Qc6 30. Be4 Qxa4 31. Rgd3 Qe8 32. Qf3 f5 33. Bb7 Rb8 34. c3 Bc5 35. Bc6 Qe7 36. Qe2 Rxd3 37. Rxd3 Rd8 38. Qd2 Rxd3 39. Qxd3 Qd6 40.
Qxd6 Bxd6 41. Kf1 e4 42. h3 Kg7 43. Ke2 Kf6 44. Bb5 Ke5 45. Ke3 Bc5+ 46. Ke2 g5 47. g3 h6 48. Bc6 Be7 49. Bb5 Kd6 50. Ke3 Bf6 51. Kd2 Kc5 52. c4 Bd4 53. Ke2 Kb4 54. Bd7 a4 55. Bxf5 a3 56. c5 a2 57. c6 a1=Q 58. c7 Qb2+ 59. Kf1 Qxf2# 0-1

[Event "*** MasterClass Titled Tuesday Blitz"]
[Site "Chess.com"]
[Date "2017.11.07"]
[Round "3"]
[White "SidArun"]
[Black "matej2221"]
[Result "0-1"]
[WhiteElo "2087"]
[BlackElo "2042"]
[TimeControl "180+2"]
[EndTime "14:42:49 PST"]
[Termination "matej2221 won by resignation"]

1. e4 e5 2. f4 d5 3. exd5 exf4 4. Nf3 Nf6 5. d4 Nxd5 6. Bc4 Nc6 7. Bxd5 Qxd5 8. Bxf4 Qe4+ 9. Qe2 Bf5 10. Qxe4+ Bxe4 11. c3 Bd6 12. Bxd6 cxd6 13. Nbd2 Bd3 14. Kf2 Kd7 15. Rhe1 Rae8 16. Rxe8 Rxe8 17. Re1 Rxe1 18. Nxe1 Bf5 19. Nef3 f6 20. Ke3 d5 21. Nb3 b6 22.
Nc1 Na5 23. b3 Kd6 24. Nd3 Nc6 25. Nh4 Be4 26. Nf3 Ne7 27. g4 h6 28. c4 h5 29. c5+ Kc7 30. h3 hxg4 31. hxg4 Nc6 32. a3 Bxf3 33. Kxf3 Nxd4+ 34. Kf4 Ne6+ 35. Kf5 Nxc5 36.
Nb4 Kd6 37. Kg6 a5 38. Nc2 Nxb3 39. Kxg7 Ke5 40. Ne1 d4 41. Nd3+ Ke4 42. Kxf6 Kxd3 43.
g5 Kc2 44. g6 d3 45. g7 d2 46. g8=Q d1=Q 47. Qc4+ Kb2 48. a4 Qd4+ 0-1

[Event "*** MasterClass Titled Tuesday Blitz"]
[Site "Chess.com"]
[Date "2017.11.07"]
[Round "3"]
[White "Koksik_13"]
[Black "calemcc"]
[Result "1-0"]
[WhiteElo "2037"]
[BlackElo "2229"]
[TimeControl "180+2"]
[EndTime "14:42:52 PST"]
[Termination "Koksik_13 won by resignation"]

1. e4 e6 2. d4 d5 3. Nc3 Nf6 4.
e5 Nfd7 5. f4 c5 6. Nf3 Nc6 7.
Be3 a6 8. Qd2 cxd4 9. Nxd4 Bc5 10.
Nd1 O-O 11. Be2 Nxd4 12. Bxd4 b5 13. c3 Qb6 14. O-O f6 15. exf6 Nxf6 16. Bf3 Bb7 17.
Ne3 Rad8 18. b4 Bxd4 19. Qxd4 Qc7 20. Rae1 Rc8 21. Ng4 Ne4 22. Bxe4 dxe4 23. Re3 Rxf4 24. Rxf4 Qxf4 25. h3 h5 26. Qe5 Qxe5 27. Nxe5 Rf8 28.
Nd7 Rd8 29. Nc5 Rd1+ 30. Kf2 Bd5 31. Nxa6 Rd2+ 32. Re2 Rxe2+ 33. Kxe2 Bxa2 34. Ke3 Bd5 35. Nc7 Kf7 36. Nxb5 Ke7 37. Na3 Kd6 38. c4 Bb7 39.
Nb5+ Ke5 40. Nc3 g5 41. g3 h4 42. g4 Ba8 43. c5 Bd5 44. b5 Bc4 45. b6 Ba6 46. c6 Kd6 47. b7 Kc7 48. Kxe4 Bb5 49. Nxb5+ 1-0

[Event "*** MasterClass Titled Tuesday Blitz"]
[Site "Chess.com"]
[Date "2017.11.07"]
[Round "3"]
[White "LuisFSiles"]
[Black "pandamaster3000"]
[Result "0-1"]
[WhiteElo "2184"]
[BlackElo "2293"]
[TimeControl "180+2"]
[EndTime "14:42:54 PST"]
[Termination "pandamaster3000 won by resignation"]

1. d4 Nf6 2. c4 g6 3. Nc3 Bg7 4. e4 d6 5. Nf3 O-O 6. Be2 Na6 7. Bf4 Nh5 8. Bg5 h6 9. Be3 e5 10. d5 Nf4 11. Bf1 f5 12. g3 Nh5 13. exf5 gxf5 14.
Nxe5 dxe5 15. Qxh5 f4 16. Bd2 Bf5 17. Bh3 Bxh3 18.
Qxh3 Nc5 19. O-O Kh8 20. b4 Nd3 21. Ne4 a5 22. bxa5 Qe7 23. Bc3 Rg8 24. Rad1 Nc5 25. Rfe1 Rge8 26. gxf4 exf4 27. Qxh6+ Kg8 28. Qxg7+ Qxg7+ 29. Bxg7 Nxe4 30. Bh6 Rxa5 31. Bxf4 Rxa2 32. Bxc7 Kf7 33. d6 Rg8+ 0-1

[Event "*** MasterClass Titled Tuesday Blitz"]
[Site "Chess.com"]
[Date "2017.11.07"]
[Round "3"]
[White "Squirlolz"]
[Black "maciek_92"]
[Result "1-0"]
[WhiteElo "2415"]
[BlackElo "2550"]
[TimeControl "180+2"]
[EndTime "14:42:55 PST"]
[Termination "Squirlolz won by resignation"]

1. e4 c5 2. c3 Nf6 3. e5 Nd5 4. Nf3 Nc6 5. Bc4 e6 6. d4 cxd4 7. cxd4 d6 8. O-O Be7 9. Re1 O-O 10. a3 Bd7 11. Bd2 Qb6 12. Nc3 Nxc3 13. Bxc3 Rac8 14. exd6 Bxd6 15. d5 exd5 16. Qxd5 Ne7 17. Rxe7 Bxe7 18. Qxd7 Bc5 19. Bxf7+ Kh8 20. Be6 Bxf2+ 21. Kh1 Rxc3 22. bxc3 Rd8 23. Qf7 Qb2 24. Rf1 Bc5 25. Ne5 h6 26.
Ng6+ Kh7 27. Qf5 1-0

[Event "*** MasterClass Titled Tuesday Blitz"]
[Site "Chess.com"]
[Date "2017.11.07"]
[Round "3"]
[White "FearNoEvil12"]
[Black "ChadBiryani"]
[Result "0-1"]
[WhiteElo "2014"]
[BlackElo "2187"]
[TimeControl "180+2"]
[EndTime "14:42:58 PST"]
[Termination "ChadBiryani won by resignation"]

1. e4 d5 2. exd5 Qxd5 3. Nc3 Qd6 4. g3 g6 5. Bg2 Bg7 6. Nge2 Nf6 7.
h3 O-O 8. O-O c6 9. d4 Bf5 10. Bf4 Qd8 11. Kh2 Na6 12. Qd2 Nb4 13.
Rac1 Nbd5 14. a3 Nxf4 15. Nxf4 Re8 16. Rcd1 Qb6 17. b4 Rad8 18. Rfe1 e5 19. Nfe2 exd4 20.
Na4 Qb5 21. Nc5 b6 22. Nd3 c5 23. Nef4 c4 24. Nc1 c3 25. Rxe8+ Rxe8 26. Qxd4 Ng4+ 27. hxg4 Bxd4 28. gxf5 Bxf2 29. fxg6 hxg6 30. Ncd3 Be3 31. Nd5 Kg7 32. Bf3 Qc4 33. Kg2 Bg5 34. a4 Qa2 35. Ne1 Bd2 36. Nd3 Qxc2 37. Nf2 Be1 0-1

[Event "*** MasterClass Titled Tuesday Blitz"]
[Site "Chess.com"]
[Date "2017.11.07"]
[Round "3"]
[White "viggi38"]
[Black "lukas_111111"]
[Result "0-1"]
[WhiteElo "2209"]
[BlackElo "2360"]
[TimeControl "180+2"]
[EndTime "14:43:01 PST"]
[Termination "lukas_111111 won by resignation"]

1. e4 e6 2. d4 d5 3. Nc3 Bb4 4. e5 c5 5. a3 Bxc3+ 6. bxc3 Qa5 7. Bd2 Qa4 8. Qg4 Kf8 9. Qd1 Ne7 10. h4 Nbc6 11.
Nf3 b6 12. h5 h6 13. Rh4 cxd4 14. Nxd4 Nxd4 15. cxd4 Ba6 16. Bxa6 Qxa6 17. Bb4 Ke8 18. Rf4 Qc4 19. Qg4 Nf5 20. Rxf5 exf5 21. Qxg7 Kd7 22. Qxf7+ Kc6 23. Qe6+ Kb7 24. Qd7+ Ka6 25. Qa4+ Kb7 26. Qd7+ Ka6 27. c3 Rhg8 28. g3 Rg4 29. Qxf5 Re4+ 30. Kd2 Qe2+ 31. Kc1 Qf1+ 32. Kb2 Qe2+ 33. Kc1 Qd3 34. Qd7 Re1+ 35. Kb2 Re2+ 0-1

[Event "*** MasterClass Titled Tuesday Blitz"]
[Site "Chess.com"]
[Date "2017.11.07"]
[Round "3"]
[White "Grebeniuk-S"]
[Black "Msb2"]
[Result "0-1"]
[WhiteElo "2441"]
[BlackElo "2638"]
[TimeControl "180+2"]
[EndTime "14:43:06 PST"]
[Termination "Msb2 won by resignation"]

1. d4 Nf6 2. Nf3 d5 3. e3 c5 4.
c3 e6 5. Nbd2 b6 6. Bd3 Bb7 7. O-O Be7 8. Re1 O-O 9. Qc2 Nbd7 10.
e4 c4 11. Bf1 dxe4 12. Ng5 b5 13. Ndxe4 Nxe4 14. Nxe4 Nf6 15. Nxf6+ Bxf6 16. Bf4 Rc8 17.
Re3 b4 18. Be5 Bxe5 19. Rxe5 Qb6 20. Rae1 Bd5 21. Rh5 g6 22. Rh3 bxc3 23. bxc3 Rb8 24. Qd2 Qc7 25. Qh6 f6 26. Rhe3 Rb2 27. R3e2 Rfb8 28.
h4 Rxe2 29. Bxe2 Rb2 30. h5 Qg7 31. Qc1 gxh5 32. g3 Rxa2 33. Bxh5 Qg5 34. Qb1 Qxh5 0-1

[Event "*** MasterClass Titled Tuesday Blitz"]
[Site "Chess.com"]
[Date "2017.11.07"]
[Round "3"]
[White "cheese111"]
[Black "hansen"]
[Result "1-0"]
[WhiteElo "2404"]
[BlackElo "2560"]
[TimeControl "180+2"]
[EndTime "14:43:07 PST"]
[Termination "cheese111 won on time"]

1. e4 c5 2. Nf3 e6 3. g3 Nc6 4. Bg2 Nf6 5. Qe2 e5 6. O-O Be7 7. c3 d6 8. Rd1 Bg4 9. h3 Bh5 10. d3 O-O 11. Nbd2 b5 12. Nf1 b4 13. g4 Bg6 14. Ng3 bxc3 15. bxc3 Qa5 16. Qc2 Rfb8 17. Be3 Ne8 18. h4 h6 19. h5 Bh7 20. g5 hxg5 21.
Nxg5 Bxg5 22. Bxg5 Nc7 23. h6 Ne6 24. Be3 gxh6 25.
Nf5 Qc7 26. Nxh6+ Kh8 27. Qe2 Qe7 28. Qh5 Bg6 29. Qh3 Qd7 30. Ng4+ 1-0

[Event "*** MasterClass Titled Tuesday Blitz"]
[Site "Chess.com"]
[Date "2017.11.07"]
[Round "3"]
[White "Tibmat"]
[Black "wonderfultime"]
[Result "0-1"]
[WhiteElo "2433"]
[BlackElo "2761"]
[TimeControl "180+2"]
[EndTime "14:43:15 PST"]
[Termination "wonderfultime won by resignation"]

1. e4 c5 2. Nf3 d6 3. Bb5+ Nd7 4. c3 Nf6 5. Qe2 a6 6. Ba4 e6 7. O-O Be7 8. d4 O-O 9. Rd1 b5 10. Bc2 Bb7 11. a4 cxd4 12. cxd4 b4 13. Nbd2 Qc7 14.
Bd3 Rfc8 15. Nb3 a5 16. Bg5 h6 17. Bh4 Qd8 18. Qe3 Nf8 19. h3 N6d7 20. Bxe7 Qxe7 21.
Nbd2 Nb6 22. d5 Nbd7 23. dxe6 Nxe6 24. Nd4 Nxd4 25. Qxd4 Nc5 26. Nc4 Rd8 27. Nb6 Rab8 28.
Nd5 Qg5 29. Bc4 Rbc8 30. b3 Re8 31. f3 Ne6 32. Qd2 Qe5 33. Rac1 Kh8 34. Qe3 Nc5 35. Qd4 Qxd4+ 0-1

[Event "*** MasterClass Titled Tuesday Blitz"]
[Site "Chess.com"]
[Date "2017.11.07"]
[Round "3"]
[White "Dr-Bassem"]
[Black "oskariot"]
[Result "1-0"]
[WhiteElo "2577"]
[BlackElo "2487"]
[TimeControl "180+2"]
[EndTime "14:43:22 PST"]
[Termination "Dr-Bassem won on time"]

1. e4 c5 2. Nf3 d6 3. g3 Nf6 4. d3 g6 5. Bg2 Bg7 6. O-O O-O 7. c3 Nc6 8. Re1 Rb8 9. h3 e5 10. a3 h6 11. b4 b6 12. Nbd2 Kh7 13. Bb2 Be6 14. d4 exd4 15. cxd4 Nxd4 16. Nxd4 cxd4 17. Bxd4 Qd7 18. Qf3 Qe7 19. Nf1 Nd7 20. Bxg7 Kxg7 21.
Qc3+ Qf6 22. Qd2 Ne5 23. f4 Nc4 24. Qd3 Rbc8 25. Rac1 b5 26. Ne3 Nxe3 27. Qxe3 Qb2 28. Red1 Bb3 29. Rxc8 Rxc8 30. Qd4+ Qxd4+ 31. Rxd4 Rc3 32. g4 Bc4 33. Rxd6 Rxa3 34. e5 a5 35. bxa5 b4 36. f5 gxf5 37. gxf5 b3 38. Be4 h5 39. h4 b2 40. f6+ Kh6 41. Rd8 Ra1+ 42. Kh2 1-0

[Event "*** MasterClass Titled Tuesday Blitz"]
[Site "Chess.com"]
[Date "2017.11.07"]
[Round "3"]
[White "dretch"]
[Black "NateSolon"]
[Result "1-0"]
[WhiteElo "2564"]
[BlackElo "2369"]
[TimeControl "180+2"]
[EndTime "14:43:22 PST"]
[Termination "dretch won by resignation"]

1. d4 d5 2. c4 dxc4 3. e3 e5 4. Bxc4 exd4 5. exd4 Bd6 6. Nf3 Nf6 7. Qe2+ Qe7 8.
Qxe7+ Bxe7 9. O-O Nbd7 10. Re1 Nb6 11. Bb3 Nfd5 12. Nc3 c6 13. Bg5 f6 14. Bd2 Kf7 15. h3 Be6 16. Re2 Rhe8 17. Rae1 Bf8 18. Ne4 h6 19.
Nc5 Bxc5 20. dxc5 Nd7 21. Bc2 Nxc5 22. Nh4 f5 23. Nxf5 Bxf5 24. Bxf5 Rxe2 25. Rxe2 Nf6 26.
Bb4 b6 27. Bxc5 bxc5 28. Rc2 Rb8 29. b3 Rb5 30. Bd3 Ra5 31. a4 Nd5 32. Re2 Nb6 33. Re5 Kf6 34. f4 Nd5 35. Kf2 Nb4 36. Be4 Na6 37.
Kf3 Nc7 38. g4 Ne6 39. Ke3 Nd4 40. h4 Nxb3 41. g5+ hxg5 42. hxg5+ Kf7 43. Bxc6 Ra6 44. Bd5+ 1-0

[Event "*** MasterClass Titled Tuesday Blitz"]
[Site "Chess.com"]
[Date "2017.11.07"]
[Round "3"]
[White "AllStarShark"]
[Black "Zufi1811"]
[Result "0-1"]
[WhiteElo "2289"]
[BlackElo "2433"]
[TimeControl "180+2"]
[EndTime "14:43:24 PST"]
[Termination "Zufi1811 won on time"]

1. d4 Nf6 2. c4 g6 3. Nc3 Bg7 4. e4 d6 5. Nf3 O-O 6. Be2 e5 7. O-O Nbd7 8. Qc2 Re8 9. d5 Nh5 10. g3 Bf8 11. Bg5 Be7 12. Bxe7 Qxe7 13. Nh4 Ng7 14.
Rae1 Rf8 15. Ng2 f5 16. exf5 gxf5 17. f4 e4 18. Ne3 Nf6 19. Nb5 a6 20. Nd4 h5 21. h4 Bd7 22. b4 Kh7 23. c5 Rg8 24.
c6 bxc6 25. Nxc6 Qf7 26. Kh2 Nge8 27. Rd1 Rg7 28. Rg1 Rg8 29. Nd4 Qg6 30. Ne6 Bxe6 31. dxe6 Rg7 32. Nd5 Nxd5 33. Rxd5 Nf6 34. Ra5 d5 35.
Rxa6 Rxa6 36. Bxa6 Ng4+ 37. Kh3 d4 38. Qe2 d3 39. Qd2 e3 40. Qb2 Nf2+ 0-1

[Event "*** MasterClass Titled Tuesday Blitz"]
[Site "Chess.com"]
[Date "2017.11.07"]
[Round "3"]
[White "Alexander_Donchenko"]
[Black "chipmunknau"]
[Result "0-1"]
[WhiteElo "2652"]
[BlackElo "2507"]
[TimeControl "180+2"]
[EndTime "14:43:26 PST"]
[Termination "chipmunknau won on time"]

1. Nf3 d5 2. g3 c6 3. Bg2 Nf6 4. c4 e6 5. Qc2 Nbd7 6. d4 Bd6 7.
Nbd2 O-O 8. O-O e5 9. cxd5 Nxd5 10. Nc4 Bc7 11. dxe5 Qe8 12. Ng5 g6 13. e4 Nb4 14.
Qc3 c5 15. f4 Qe7 16. Be3 Nc6 17. Rad1 Rb8 18. Kh1 b6 19. Nd6 Ba6 20. Ndxf7 Bxf1 21. Bxf1 Ndxe5 22. fxe5 Nxe5 23. Nxe5 Bxe5 24. Bc4+ Kh8 25. Qb3 Bf6 26. Nf7+ Rxf7 27. Bxf7 Qxe4+ 28. Kg1 Rf8 29. Bd5 Qe5 30. Bf4 Qh5 0-1

[Event "*** MasterClass Titled Tuesday Blitz"]
[Site "Chess.com"]
[Date "2017.11.07"]
[Round "3"]
[White "djogrodek1"]
[Black "LawrenceTrent"]
[Result "0-1"]
[WhiteElo "2343"]
[BlackElo "2358"]
[TimeControl "180+2"]
[EndTime "14:43:36 PST"]
[Termination "LawrenceTrent won by resignation"]

1. c4 g6 2. Nc3 Bg7 3. g3 Nf6 4. Bg2 O-O 5. e4 c5 6. Nge2 Nc6 7. O-O Ne8 8. d3 Nc7 9. Be3 Ne6 10. f4 Ned4 11.
f5 d6 12. g4 Rb8 13. Rc1 Bd7 14. Qd2 b5 15. b3 b4 16. Nd5 a5 17. f6 Nxe2+ 18.
Qxe2 exf6 19. Qf2 Bxg4 20. Qh4 f5 21. Bg5 f6 22. Be3 Ne5 23. h3 Be2 24. exf5 g5 25. Qf2 Bxf1 26. Bxf1 g4 27. Be2 Rf7 28. hxg4 Qf8 29.
Nf4 Bh6 30. Ne6 Bxe3 31. Qxe3 Qe7 32. Bf3 Kh8 33. Kf2 Rg8 34. Rg1 a4 35. Ke2 axb3 36.
axb3 Qa7 37. Qd2 Qa3 38. Rh1 Qxb3 39. g5 Nxf3 40. Kxf3 fxg5 41. Ke4 Qc3 42. Qh2 Qf6 43.
Qh6 0-1

[Event "*** MasterClass Titled Tuesday Blitz"]
[Site "Chess.com"]
[Date "2017.11.07"]
[Round "3"]
[White "pedromartinez91"]
[Black "IamSchrodingersCat"]
[Result "0-1"]
[WhiteElo "2321"]
[BlackElo "2428"]
[TimeControl "180+2"]
[EndTime "14:43:39 PST"]
[Termination "IamSchrodingersCat won by resignation"]

1. e3 Nf6 2. b3 g6 3. Bb2 Bg7 4. Nf3 O-O 5. c4 d6 6. d4 Nbd7 7. Nbd2 Re8 8. d5 c6 9. dxc6 bxc6 10. Be2 Nc5 11. O-O a5 12. Nd4 Qc7 13. Rc1 Rb8 14. Ba3 Nce4 15. Nxe4 Nxe4 16. f3 Nf6 17. e4 Nd7 18. Kh1 Ba6 19. Nb5 Bxb5 20. cxb5 c5 21.
f4 Nb6 22. e5 Qd7 23. Qd2 dxe5 24. Qxd7 Nxd7 25. fxe5 Bxe5 26. Bxc5 Nxc5 27. Rxc5 Bd6 28. Rc6 Kg7 29. Bc4 f5 30. a4 Rec8 31. Be6 Rd8 32. g4 f4 33. g5 h6 34. h4 hxg5 35. hxg5 Rh8+ 36. Kg2 Rh5 37. Kf3 Rxg5 38. Rd1 Rg3+ 39. Kf2 Rh8 40. Rdxd6 exd6 41. Bd5 Rh2+ 42. Kf1 Rd3 43. Kg1 Re2 44. Rc7+ Kh6 45. Bg2 Rd1+ 46. Kh2 f3 47. Kg3 Rxg2+ 48. Kxf3 Rg5 49. b6 Rf5+ 50. Ke4 Re1+ 51. Kd3 Re8 52. b7 Rb8 53. Kc3 g5 54. Rd7 g4 55. b4 g3 56. bxa5 Rxa5 57. Rxd6+ Kg7 58. Rd5 Rxd5 0-1

[Event "*** MasterClass Titled Tuesday Blitz"]
[Site "Chess.com"]
[Date "2017.11.07"]
[Round "3"]
[White "severomorskij"]
[Black "Divertissement"]
[Result "1-0"]
[WhiteElo "2636"]
[BlackElo "2409"]
[TimeControl "180+2"]
[EndTime "14:43:40 PST"]
[Termination "severomorskij won on time"]

1. d4 Nf6 2. c4 g6 3. Nc3 Bg7 4. e4 d6 5. f3 O-O 6. Nge2 Nbd7 7. Be3 c5 8. d5 Qa5 9. Nc1 a6 10. Nb3 Qd8 11. a4 Ne5 12. Be2 Ne8 13. f4 Nd7 14.
O-O e6 15. Qd2 exd5 16. cxd5 Rb8 17. Kh1 f5 18. e5 dxe5 19. Nxc5 Nxc5 20. Bxc5 Nd6 21.
fxe5 Bxe5 22. Bf3 Qh4 23. Bg1 Bd7 24. Rae1 Qf6 25. Rxe5 Qxe5 26. Bd4 Nc4 27. Qf2 Qd6 28.
Bc5 Qf6 29. Bxf8 Rxf8 30. h3 b5 31. Qa7 Nxb2 32. Qxd7 Qxc3 33. d6 Nxa4 34. Bd5+ Kh8 35. Qe7 Qf6 36. Rc1 1-0

[Event "*** MasterClass Titled Tuesday Blitz"]
[Site "Chess.com"]
[Date "2017.11.07"]
[Round "3"]
[White "nubair1198"]
[Black "StoreySniper"]
[Result "1-0"]
[WhiteElo "2535"]
[BlackElo "2291"]
[TimeControl "180+2"]
[EndTime "14:43:47 PST"]
[Termination "nubair1198 won by resignation"]

1. c4 g6 2. Nc3 Bg7 3. d4 c5 4.
Nf3 cxd4 5. Nxd4 Nc6 6. e3 Nh6 7. Be2 d6 8. Bf3 Bd7 9. O-O Nf5 10. Nxf5 Bxf5 11. Qd2 Rc8 12. b3 Qd7 13. Bb2 Bg4 14. Bd5 O-O 15. h3 Be6 16. Rac1 Ne5 17. f4 Nc6 18. Bf3 a6 19. Rfd1 Nb4 20. Ne4 Bxb2 21. Qxb2 Bf5 22. Rxd6 Qc7 23. Rd2 Rfd8 24. Rcd1 Rxd2 25. Qxd2 Bxe4 26. Bxe4 a5 27. Qd7 Qc5 28. Qd4 Nxa2 29. Bxb7 Qxd4 30. Rxd4 Rb8 31. Rd7 Nc1 32. c5 Nxb3 33. c6 Nc5 34. Rxe7 Nxb7 35. Rxb7 Rc8 36. c7 Kg7 37. Ra7 a4 38. Kf2 a3 39.
Kf3 a2 40. g4 Rxc7 41. Rxa2 Rc5 42. h4 h5 43. g5 Rc1 44. f5 Rf1+ 45. Rf2 Rxf2+ 46. Kxf2 gxf5 47. Kg3 f6 48. gxf6+ Kxf6 49. Kf4 Ke6 50. Kg5 Ke5 51. Kxh5 Kf6 52. Kh6 f4 53.
exf4 Kf7 54. Kg5 1-0

[Event "*** MasterClass Titled Tuesday Blitz"]
[Site "Chess.com"]
[Date "2017.11.07"]
[Round "3"]
[White "Robin-Side"]
[Black "Bad4life"]
[Result "1-0"]
[WhiteElo "2608"]
[BlackElo "2399"]
[TimeControl "180+2"]
[EndTime "14:43:50 PST"]
[Termination "Robin-Side won by resignation"]

1. d4 Nf6 2. Nc3 g6 3. e4 d6 4. Be2 Bg7 5. g4 c6 6. g5 Nfd7 7. a4 Na6 8. h4 Nb4 9. h5 Bxd4 10. Nf3 Qb6 11. a5 Qc5 12. Na4 Bxf2+ 13. Kf1 Qxc2 14. Kxf2 Qxe4 15. Nc3 Qf5 16. hxg6 fxg6 17. Qd4 Ne5 18.
Qxb4 O-O 19. Qe4 Qxe4 20. Nxe4 d5 21. Nd2 Bg4 22. Kg3 Nxf3 23. Nxf3 Bxf3 24. Bxf3 e5 25. Bg4 Kg7 26. Bd2 Rae8 27. Bb4 Rf4 28. Bd6 Re4 29. Rae1 Rxe1 30. Rxe1 e4 31. Kf4 h5 32. Bh3 Kf7 33. Ke3 Rd8 34. Rf1+ Kg7 35. Be5+ Kg8 36. Be6+ Kh7 37. Rf7+ Kg8 38. Rd7+ 1-0

[Event "*** MasterClass Titled Tuesday Blitz"]
[Site "Chess.com"]
[Date "2017.11.07"]
[Round "3"]
[White "wanyaland"]
[Black "Tobi-Wan-Kenobi"]
[Result "0-1"]
[WhiteElo "2243"]
[BlackElo "2472"]
[TimeControl "180+2"]
[EndTime "14:43:55 PST"]
[Termination "Tobi-Wan-Kenobi won by resignation"]

1. Nf3 c5 2. c4 Nc6 3. g3 g6 4.
d4 cxd4 5. Nxd4 Bg7 6. e3 Nf6 7.
Bg2 O-O 8. Nc3 d6 9. O-O Bd7 10.
b3 Qc8 11. Re1 Bh3 12. Bh1 Bg4 13. f3 Bd7 14. Bb2 a6 15. Rc1 Qd8 16. f4 Rc8 17. Bg2 Nxd4 18. exd4 b5 19. Bb7 Rb8 20. Bxa6 b4 21.
Nd5 Nxd5 22. cxd5 Qa5 23. Bc4 Rfe8 24. Qd2 h5 25. a4 h4 26. Re3 Bf6 27. Rce1 Kg7 28.
Qg2 hxg3 29. hxg3 Qa7 30. Qd2 Rh8 31. Bf1 Bg4 32. Bg2 Rbc8 33. Bf3 Bxf3 34. Rxf3 Qb7 35. Qd3 Qxd5 36. Qe4 Qxe4 37. Rxe4 Rc2 38. Ba1 Rc1+ 39. Rf1 Rxf1+ 40. Kxf1 Rh1+ 41. Ke2 Rxa1 42. Kd3 d5 43. Re2 Rd1+ 44. Rd2 Rxd2+ 45. Kxd2 Bxd4 46. Kd3 Bb6 47. g4 f6 0-1

[Event "*** MasterClass Titled Tuesday Blitz"]
[Site "Chess.com"]
[Date "2017.11.07"]
[Round "3"]
[White "Giorno"]
[Black "gpeloui"]
[Result "0-1"]
[WhiteElo "2337"]
[BlackElo "2256"]
[TimeControl "180+2"]
[EndTime "14:43:55 PST"]
[Termination "gpeloui won by resignation"]

1. d4 Nf6 2. Nf3 g6 3. Nc3 d5 4. Bf4 Bg7 5. h4 O-O 6. h5 Nxh5 7. Rxh5 gxh5 8. e3 Bg4 9. Be2 c5 10. dxc5 Qa5 11. Qd3 Bxf3 12. gxf3 e5 13. Bxe5 Bxe5 14. O-O-O Nc6 15. Rh1 Rfd8 16. Rxh5 Bg7 17. Qxh7+ Kf8 18.
Rg5 Bxc3 19. bxc3 Qxc3 20. Rf5 Qg7 21. Qh4 b6 22. Rg5 Qa1+ 23. Kd2 bxc5 24. Bb5 Nb4 25.
Qh6+ Ke7 26. Rf5 Qb2 27. Qg5+ Ke6 28. Ba4 c4 29. Qg4 Ke7 30. Qg5+ Kf8 31. Qh6+ Qg7 32. Qf4 d4 33. e4 c3+ 34. Ke2 d3+ 35. cxd3 Nxd3 36. Qc7 Nc1+ 37. Kf1 Rac8 38. Qa5 Qd4 39. Kg1 Ne2+ 40. Kg2 c2 41. Bb3 Qg7+ 42. Rg5 Qxg5+ 43. Qxg5 c1=Q 44. Qf6 Nf4+ 45. Kg3 Nh5+ 0-1